 Dungeon Crawl Stone Soup version 0.28-a0-580-ga2639ab843 (webtiles) character file.

Game seed: 16883743332404513454

81988 demibob the Impaler (level 15, -7/122 HPs)
             Began as a Merfolk Gladiator on Oct 2, 2021.
             Was the Champion of Okawaru.
             Killed from afar by Jorgrun (45 damage)
             ... with an iron shot
             ... on level 15 of the Dungeon.
             The game lasted 01:00:14 (28299 turns).

demibob the Impaler (Merfolk Gladiator)            Turns: 28299, Time: 01:00:14

Health: -7/122     AC: 31    Str: 16    XL:     15   Next: 72%
Magic:  15/20      EV: 23    Int:  8    God:    Okawaru [******]
Gold:   224        SH:  5    Dex: 20    Spells: 14/14 levels left

rFire   + . .      SeeInvis .   a - +0 bardiche (elec)
rCold   . . .      Faith    .   (shield currently unavailable)
rNeg    . . .      Spirit   .   B - +6 fire dragon scales
rPois   .          Reflect  +   Z - +2 helmet
rElec   .          Harm     .   L - +2 cloak {Will+}
rCorr   .          Rampage  +   I - +0 pair of gloves
Will    ++...                   u - +2 pair of boots {rampage}
Stlth   ++........              n - amulet of reflection
HPRegen 0.30/turn               C - ring of ice
MPRegen 0.17/turn               E - +4 ring of evasion

@: about to teleport, heroic, finesse-ful, grasped by roots, constricted
A: (nimble swimmer 2), mertail
a: Renounce Religion, Heroism, Finesse, Duel


You were on level 15 of the Dungeon.
You worshipped Okawaru.
Okawaru was exalted by your worship.
You visited 4 branches of the dungeon, and saw 24 of its levels.

You collected 1903 gold pieces.
You spent 1679 gold pieces at shops.


Innate Abilities, Weirdness & Mutations

((You are quick and stealthy near water. (Stealth+, EV+, Speed+++)))
Your lower body shifts to a powerful aquatic tail in water.


   Skills:
 - Level 12.7(17.7) Fighting
 + Level 20.1(25.1) Polearms
 - Level 10.2(15.2) Throwing
 - Level 8.6(13.6) Armour
 - Level 17.2(22.2) Dodging
 - Level 7.9 Invocations


You had 14 spell levels left.
You didn't know any spells.
Your spell library contained the following spells:

 Spells                   Type           Power      Damage    Failure   Level
 Apportation              Tloc           0%         N/A       80%         1
 Beastly Appendage        Tmut           0%         N/A       80%         1
 Magic Dart               Conj           0%         1d3       80%         1
 Pain                     Necr           0%         1d4       80%         1
 Shock                    Conj/Air       0%         1d3       80%         1
 Ensorcelled Hibernation  Hex/Ice        0%         N/A       90%         2
 Static Discharge         Conj/Air       0%         N/A       90%         2
 Wereblood                Tmut           0%         N/A       90%         2
 Gell's Gravitas          Tloc           0%         N/A       99%         3
 Mephitic Cloud           Conj/Pois/Air  0%         N/A       99%         3
 Spider Form              Tmut/Pois      0%         N/A       99%         3
 Swiftness                Air            0%         N/A       99%         3
 Teleport Other           Tloc           0%         N/A       99%         3
 Vampiric Draining        Necr           0%         2d6       99%         3
 Airstrike                Air            0%         N/A       100%        4
 Cause Fear               Hex            0%         N/A       100%        4
 Dispel Undead            Necr           0%         3d6       100%        4
 Sticky Flame             Conj/Fire      0%         2d3       100%        4
 Alistair's Intoxication  Tmut/Pois      0%         N/A       100%        5
 Blade Hands              Tmut           0%         N/A       100%        5
 Borgnjor's Vile Clutch   Necr/Erth      0%         N/A       100%        5
 Fireball                 Conj/Fire      0%         3d3       100%        5
 Iskenderun's Battlesphe  Conj           0%         2d6       100%        5
 Conjure Ball Lightning   Conj/Air       0%         3x3d6     100%        6
 Dispersal                Tloc           0%         N/A       100%        6
 Invisibility             Hex            0%         N/A       100%        6
 Iron Shot                Conj/Erth      0%         9d1       100%        6
 Dragon Form              Tmut           0%         N/A       100%        7
 Orb of Destruction       Conj           0%         N/A       100%        7
 Animate Skeleton         Necr           Unusable   N/A       N/A         1
 Call Imp                 Summ           Unusable   N/A       N/A         2
 Animate Armour           Summ/Erth      Unusable   N/A       N/A         4
 Animate Dead             Necr           Unusable   N/A       N/A         4
 Death Channel            Necr           Unusable   N/A       N/A         6
 Dragon's Call            Summ           Unusable   N/A       N/A         9

Inventory:

Hand Weapons
 a - a +0 bardiche of electrocution (weapon)
 b - a +2 trident
 y - a +0 spectral halberd
Missiles
 d - 2 throwing nets {=f}
 m - 8 datura-tipped darts
 P - 10 silver javelins (quivered)
 U - 11 atropa-tipped darts
Armour
 u - a +2 pair of boots of rampaging (worn)
 B - +6 fire dragon scales (worn)
 I - a +0 pair of gloves (worn)
 L - a +2 cloak of willpower (worn)
 X - a +3 ring mail of poison resistance
 Z - a +2 helmet (worn)
Magical Staves
 x - a staff of conjuration {!a}
 D - a staff of death {!a}
Jewellery
 f - a ring of protection from fire
 l - an amulet of guardian spirit
 n - an amulet of reflection (around neck)
 C - a ring of ice (left hand)
 E - a +4 ring of evasion (right hand)
 F - a ring of protection from fire
 R - a ring of resist corrosion
Wands
 o - a wand of digging (3)
 s - a wand of flame (62)
 H - a wand of acid (7)
 T - a wand of paralysis (13)
 W - a wand of iceblast (3)
 Y - a wand of polymorph (20)
Scrolls
 k - a scroll of enchant weapon
 p - 2 scrolls of torment
 q - 2 scrolls of magic mapping
 r - 3 scrolls of amnesia
 w - 4 scrolls of teleportation {@r2}
 J - a scroll of fog
 Q - 2 scrolls of blinking
 S - 6 scrolls of identify {@r1}
 V - a scroll of brand weapon
Potions
 e - 2 potions of heal wounds {@q2}
 g - 6 potions of cancellation
 h - 5 potions of might
 i - 5 potions of brilliance
 j - 5 potions of mutation
 t - 6 potions of flight
 v - a potion of resistance
 z - 4 potions of attraction
 A - 6 potions of curing {@q1}
 G - a potion of lignification {unknown}
 K - 4 potions of haste {@q3}
 M - 5 potions of ambrosia
 N - 2 potions of magic
 O - 3 potions of invisibility

Dungeon Overview and Level Annotations

Branches:
Dungeon (15/15)            Temple (1/1) D:4            Lair (6/6) D:9
 Shoals (0/4) Lair:2       Spider (0/4) Lair:3        Slime (0/5) Lair:6
    Orc (2/2) D:11            Elf (0/3) Orc:2        Vaults (0/5) D:13
 Depths: D:15

Altars:
Dithmenos
Fedhas
Kikubaaqudgha
Makhleb
Nemelex Xobeh
Okawaru
Sif Muna
Trog
Uskayaw
Vehumet
Wu Jian
Yredelemnul
Zin

Shops:
D:3 *   D:4 (*   D:8 *   D:13 *!   D:14 *   Orc:2 ?*:[?

Annotations:
D:6 exclusion: oklob plant
D:9 exclusion: oklob plant
D:11 1 runed translucent door, SkeletonJelly's ghost, journeyman MfCK
D:13 3 runed translucent doors, Ideihu's ghost, journeyman DjFE; Zaevetera's ghost, journeyman TeAE
D:15 Jorgrun; Kirke
Orc:1 2 transporters, rustyseabutter's ghost, journeyman HOFi

...........#######
..........#......######
..........#...........#
..........#...........#
..(.......#...........#
..........#...........#
#...##.##.............#
#......# +###.##h####'##.....#
#......# ....h@g@†.....#.....#
#......# .....B#.......#.....#
+......# ......#.......+.....#
#......# ..... #.......#.....#
#......#......#######+##.....#
#......##+#####..............#
.(......................######
........................#
........................#


You could see Jorgrun, Kirke, a boulder beetle and 2 hogs.


Message History

You slash Jorgrun! Lightning courses through Jorgrun!
Jorgrun is almost dead.
The hog completely misses you.
Unknown command.
You miss Jorgrun.
Jorgrun is almost dead.
Unknown command.
You barely miss Jorgrun.
Jorgrun is almost dead.
The hog bites you but does no damage. Jorgrun casts a spell at you.
You easily resist.
The grasping roots constrict you!
* * * LOW HITPOINT WARNING * * *
Unknown command.
You barely miss Jorgrun.
Jorgrun is almost dead.
Unknown command.
As you read the scroll of teleportation {@r2}, it crumbles to dust.
You feel strangely unstable. The hog completely misses you.
Jorgrun closely misses you. The grasping roots constrict you!
* * * LOW HITPOINT WARNING * * *
You hit Jorgrun but do no damage.
Jorgrun is almost dead.
The hog barely misses you.
Unknown command.
You hit Jorgrun but do no damage.
Jorgrun is almost dead.
Jorgrun casts a spell at you. The iron shot hits you!!!
You die...

Skill      XL: |  1  2  3  4  5  6  7  8  9 10 11 12 13 14 15 |
---------------+----------------------------------------------+-----
Polearms       | 5 6 7 8 10 11 13 15 17 18 20 | 20.1
Dodging        | 5 6 7 9 10 12 14 16 17 | 17.2
Invocations    | 1 4 5 7 |  7.9
Throwing       | 3 6 9 10 | 10.2
Fighting       | 4 8 11 12 | 12.7
Armour         | 1 5 7 8 |  8.6

Action                   |  1- 3 |  4- 6 |  7- 9 | 10-12 | 13-15 || total
-------------------------+-------+-------+-------+-------+-------++-------
Melee: Trident           |   118 |   215 |   184 |    28 |    63 ||   608
       Halberd           |       |       |   108 |   333 |   904 ||  1345
       Punch             |       |       |       |     2 |       ||     2
       Tailslap          |       |       |       |       |     9 ||     9
       Bardiche          |       |       |       |       |   133 ||   133
Throw: Throwing net      |       |     2 |       |       |       ||     2
       Javelin           |       |       |       |       |    26 ||    26
Invok: Heroism           |       |       |     3 |     8 |    16 ||    27
       Finesse           |       |       |       |     2 |     3 ||     5
Evoke: Wand              |       |       |       |    21 |     6 ||    27
  Use: Scroll            |     3 |     9 |     9 |    10 |    10 ||    41
       Potion            |       |     1 |     3 |     1 |       ||     5
 Stab: Sleeping          |     1 |     4 |       |     1 |     1 ||     7
       Distracted        |       |       |     1 |     5 |    18 ||    24
       Paralysed         |       |       |       |    21 |       ||    21
Armor: Leather armour    |    27 |    26 |    31 |     4 |       ||    88
       Acid dragon scale |       |       |       |    40 |    56 ||    96
       Ring mail         |       |       |       |       |    22 ||    22
       Fire dragon scale |       |       |       |       |    37 ||    37
Dodge: Dodged            |    56 |    99 |   128 |   305 |   540 ||  1128
       Repelled          |       |       |     1 |     4 |       ||     5
Block: Other             |       |       |    43 |    60 |   109 ||   212
       Reflection        |       |       |     5 |     9 |     7 ||    21

Levels and vault maps discovered:
D:1:      onia_arrival_handbag, layout_basic
D:2:      layout_basic
D:3:      layout_loops_cross, hellmonk_ecumenical_altar_run_dry, serial_shops,
          shop, kennysheep_nub
D:4:      layout_basic, mainiacjoe_overflow_24_doors, overflow_temple_1_default,
          minmay_temple_entry_proselytizer, serial_shops, shop,
          kennysheep_little_box, grunt_decor_one_mirror
D:5:      layout_cave_pods, mainiacjoe_overflow_chevrons,
          serial_co_window_serial, co_window_of_opportunity_a,
          co_window_paths_a, co_window_cross_1, co_window_paths_a,
          co_window_corner_a, co_window_unsneaky_path_e, co_window_broadway_a,
          co_window_cross_2, co_window_unsneaky_path_b, co_window_corner_cb,
          co_window_paths_d, glass_columns_b, glass_columns_c, uniq_grinder,
          uniq_ijyb
D:6:      layout_rooms, tgw_fedhas
D:7:      layout_basic, moated_statue
D:8:      layout_rooms, serial_shops, nicolae_diamond_shop
D:9:      lemuel_slime, layout_layer_cave, lair_entry_dummy, uniq_maggie
D:10:     layout_irregular_city
D:11:     layout_long_grid, orc_0_dummy, ebering_ghost_inner_flame, uniq_snorg
D:12:     layout_small_grid, special_room [special_room_bee],
          vehumet_altar_wand_db, uniq_erolcha, uniq_rupert
D:13:     layout_gridville, grunt_vaults_entry_tiered, serial_shops,
          nicolae_shop_temple_entry_statues_fountains, nicolae_diamond_shop,
          gammafunk_ghost_cemetery, bloody_makhleb, uniq_maurice
D:14:     layout_cave_pools, serial_shops, nicolae_shop_waterfront,
          grunt_decor_resistance, nicolae_uskayaw_suspiria, uniq_louise
D:15:     grunt_enter_depths_hoard, layout_gridville, st_stairs_6, uniq_kirke,
          uniq_jorgrun
Temple:   regret_index_temple_mists
Lair:1:   beast_lair_carwin_large_1, layout_gridlike,
          grunt_forest_large_clearings, serial_bayou_shore_a
Lair:2:   layout_small_grid, shoals_dummy_entry, serial_bayou_pond_a,
          lemuel_fruit_fields
Lair:3:   layout_hall_layers, dummy_spider_entry
Lair:4:   layout_cellular_growth, lemuel_fruit_fields
Lair:5:   layout_loops_ring, grunt_megastairs_1
Lair:6:   gammafunk_lair_ancient_temple, layout_loops_ring,
          minmay_slime_entry_pillars, nzn_masters_of_martial_movement,
          lemuel_fruit_tree
Orc:1:    layout_diamond_mine, basic_altar, gammafunk_ghost_arena
Orc:2:    st_orc_mages, layout_caves, portal_ice_cave_entry_ice_simulacra,
          serial_shops, nicolae_shop_behind_doors

Notes
Turn   | Place    | Note
-------+----------+-------------------------------------------
     0 | D:1      | demibob the Merfolk Gladiator began the quest for the Orb.
     0 | D:1      | Reached XP level 1. HP: 16/16 MP: 1/1
   185 | D:1      | Reached XP level 2. HP: 21/22 MP: 2/2
   403 | D:1      | Reached skill level 5 in Polearms
   544 | D:1      | Reached XP level 3. HP: 27/27 MP: 3/3
   740 | D:1      | Reached skill level 5 in Dodging
  1481 | D:2      | Reached XP level 4. HP: 33/33 MP: 4/4
  1768 | D:2      | Reached skill level 6 in Polearms
  2155 | D:3      | Found Zeudgh's General Store.
  2350 | D:3      | Found a faded altar of an unknown god.
  2843 | D:3      | Reached XP level 5. HP: 27/38 MP: 3/5
  2846 | D:3      | Reached skill level 6 in Dodging
  3126 | D:4      | Found a basalt altar of Yredelemnul.
  3158 | D:4      | Found Nileblik's Weapon Emporium.
  3261 | D:4      | Found a shadowy altar of Dithmenos.
  3264 | D:4      | Noticed an ogre
  3273 | D:4      | Killed an ogre
  3274 | D:4      | Reached skill level 7 in Polearms
  3274 | D:4      | Reached XP level 6. HP: 37/44 MP: 4/6
  3388 | D:4      | Found a staircase to the Ecumenical Temple.
  3393 | D:4      | Reached skill level 7 in Dodging
  3401 | Temple   | Entered the Ecumenical Temple
  3412 | Temple   | Became a worshipper of Warmaster Okawaru
  3464 | D:4      | Found Usasimmi's General Store.
  3843 | D:4      | Reached skill level 8 in Polearms
  4343 | D:5      | Entered Level 5 of the Dungeon
  4347 | D:5      | Noticed a yak
  4349 | D:5      | Noticed a yak
  4349 | D:5      | Noticed a yak
  4372 | D:4      | HP: 3/44 [yak (10)]
  4388 | D:4      | Killed a yak
  4389 | D:4      | Reached XP level 7. HP: 6/50 MP: 2/7
  4718 | D:5      | Reached skill level 8 in Dodging
  4860 | D:5      | Reached skill level 9 in Polearms
  5254 | D:5      | Reached * piety under Okawaru
  5380 | D:5      | Noticed Grinder
  5392 | D:5      | Killed Grinder
  5393 | D:5      | Reached skill level 10 in Polearms
  5393 | D:5      | Reached skill level 9 in Dodging
  5393 | D:5      | Reached skill level 1 in Invocations
  5393 | D:5      | Reached XP level 8. HP: 56/56 MP: 5/9
  5479 | D:5      | Reached skill level 2 in Invocations
  5549 | D:5      | Killed a yak
  5553 | D:5      | Killed a yak
  5553 | D:5      | Reached ** piety under Okawaru
  5554 | D:5      | Reached skill level 3 in Invocations
  6043 | D:5      | Reached skill level 10 in Dodging
  6050 | D:5      | Reached skill level 11 in Polearms
  6093 | D:5      | Found a sparkling altar of Nemelex Xobeh.
  6199 | D:5      | Noticed Ijyb
  6221 | D:5      | Killed Ijyb
  6629 | D:6      | Reached skill level 4 in Invocations
  6810 | D:6      | Reached XP level 9. HP: 38/61 MP: 12/12
  7719 | D:6      | Identified a potion of resistance
  7870 | D:6      | HP: 5/61 [steam dragon (8)]
  7875 | D:6      | HP: 1/61 [steam dragon/ball of steam (24)]
  8190 | D:6      | Reached skill level 11 in Dodging
  8244 | D:6      | Found a blossoming altar of Fedhas.
  8259 | D:6      | Noticed an oklob plant
  8317 | D:6      | Reached skill level 12 in Polearms
  8544 | D:4      | Bought a scroll of brand weapon for 220 gold pieces
  8544 | D:4      | Bought a scroll of blinking for 82 gold pieces
  8575 | D:7      | Reached *** piety under Okawaru
  9171 | D:7      | Reached skill level 13 in Polearms
  9177 | D:7      | Reached skill level 12 in Dodging
  9670 | D:8      | Found Das Uhol's General Store.
  9761 | D:8      | Reached **** piety under Okawaru
  9762 | D:8      | Reached XP level 10. HP: 65/67 MP: 10/13
  9800 | D:8      | Reached skill level 14 in Polearms
  9983 | D:8      | Reached skill level 13 in Dodging
 10787 | D:9      | Noticed Maggie
 10797 | D:9      | Killed Maggie
 10940 | D:9      | Noticed an oklob plant
 10956 | D:9      | Reached skill level 15 in Polearms
 10999 | D:10     | Entered Level 10 of the Dungeon
 11090 | D:10     | Reached ***** piety under Okawaru
 11091 | D:10     | Reached skill level 14 in Dodging
 11872 | D:11     | Noticed a fire dragon
 11882 | D:11     | Killed a fire dragon
 11883 | D:11     | Reached skill level 5 in Invocations
 11883 | D:11     | Reached XP level 11. HP: 68/72 MP: 6/15
 11973 | D:11     | Reached skill level 16 in Polearms
 12293 | D:11     | Noticed a six-headed hydra
 12305 | D:11     | Upgraded the game from 0.28-a0-577-gb193047a1f to
                  | 0.28-a0-580-ga2639ab843
 12398 | D:11     | Found a staircase to the Orcish Mines.
 12428 | D:11     | Reached skill level 6 in Invocations
 12499 | D:11     | Reached skill level 15 in Dodging
 12761 | D:11     | Found a runed translucent door.
 12796 | D:11     | Noticed Snorg
 12806 | D:11     | Killed Snorg
 12806 | D:11     | Received a gift from Okawaru
 13039 | D:11     | Killed a six-headed hydra
 13220 | D:11     | Noticed a boulder beetle
 13220 | D:11     | Noticed SkeletonJelly's ghost (journeyman MfCK)
 13243 | D:12     | Noticed Erolcha
 13246 | D:12     | Noticed a two-headed ogre
 13271 | D:12     | Noticed a boulder beetle
 13273 | D:12     | Noticed an eight-headed hydra
 13279 | D:11     | Killed a boulder beetle
 13280 | D:11     | Reached skill level 7 in Invocations
 13328 | D:12     | Noticed a white ugly thing
 13772 | D:12     | Reached skill level 17 in Polearms
 13863 | D:12     | Killed Erolcha
 14108 | D:12     | Reached skill level 16 in Dodging
 14286 | D:12     | Reached skill level 3 in Throwing
 14286 | D:12     | Reached XP level 12. HP: 78/78 MP: 17/17
 14290 | D:12     | Noticed a five-headed hydra
 14311 | D:12     | Killed a five-headed hydra
 14311 | D:12     | Received a gift from Okawaru
 14601 | D:12     | Killed a two-headed ogre
 14650 | D:12     | Noticed Rupert
 14656 | D:12     | Paralysed by Rupert for 7 turns
 14676 | D:12     | Killed Rupert
 14676 | D:12     | Received a gift from Okawaru
 14677 | D:12     | Reached skill level 18 in Polearms
 14677 | D:12     | Reached skill level 4 in Throwing
 15009 | D:12     | Found a radiant altar of Vehumet.
 15012 | D:12     | Noticed a boulder beetle
 15055 | D:12     | Killed a boulder beetle
 15055 | D:12     | Reached ****** piety under Okawaru
 15056 | D:12     | Reached skill level 5 in Throwing
 15551 | D:12     | Reached skill level 17 in Dodging
 15706 | D:12     | Killed an eight-headed hydra
 15707 | D:12     | Reached skill level 3 in Fighting
 15931 | D:13     | Reached skill level 6 in Throwing
 15953 | D:12     | Reached skill level 4 in Fighting
 16181 | D:13     | Noticed Maurice
 16189 | D:13     | Found a burning altar of Makhleb.
 16202 | D:13     | Killed Maurice
 16203 | D:13     | Reached skill level 1 in Armour
 16387 | D:13     | Found a runed translucent gate.
 16387 | D:13     | Found a runed translucent gate.
 16387 | D:13     | Found a runed translucent gate.
 16388 | D:13     | Noticed Ideihu's ghost (journeyman DjFE)
 16389 | D:13     | Noticed Zaevetera's ghost (journeyman TeAE)
 16431 | D:13     | Received a gift from Okawaru
 16433 | D:13     | Reached XP level 13. HP: 90/90 MP: 18/18
 16439 | D:13     | Reached skill level 5 in Fighting
 16439 | D:13     | Reached skill level 2 in Armour
 16508 | D:13     | Reached skill level 7 in Throwing
 16670 | D:13     | Found a gate to the Vaults.
 16670 | D:13     | Noticed a vault guard
 16670 | D:13     | Noticed a vault guard
 16670 | D:13     | Noticed a vault guard
 16691 | D:13     | Killed a vault guard
 16692 | D:13     | Reached skill level 6 in Fighting
 16700 | D:13     | Killed a vault guard
 16701 | D:13     | Reached skill level 3 in Armour
 16714 | D:13     | Received a gift from Okawaru
 16760 | D:13     | Killed a vault guard
 16970 | D:13     | Found Hutyimaaqu's Distillery.
 16977 | D:13     | Bought a potion of might for 64 gold pieces
 16977 | D:13     | Bought a potion of haste for 160 gold pieces
 16977 | D:13     | Bought a potion of degeneration for 16 gold pieces
 17021 | D:13     | Identified the +3 war axe of Death {flame, Int+2}
 17046 | D:13     | Found Emutruing's Assorted Antiques.
 17435 | D:9      | Found a staircase to the Lair.
 17445 | Lair:1   | Entered Level 1 of the Lair of Beasts
 17455 | Lair:1   | Received a gift from Okawaru
 17610 | Lair:1   | Reached skill level 8 in Throwing
 17637 | Lair:1   | Reached skill level 7 in Fighting
 17810 | Lair:1   | Reached skill level 4 in Armour
 17812 | Lair:1   | Received a gift from Okawaru
 18575 | Lair:2   | Reached skill level 8 in Fighting
 18728 | Lair:2   | Reached skill level 9 in Throwing
 18761 | Lair:2   | Reached skill level 5 in Armour
 18934 | Lair:2   | Reached XP level 14. HP: 106/106 MP: 19/19
 19037 | Lair:2   | Found a staircase to the Shoals.
 19779 | Lair:3   | Found a hole to the Spider Nest.
 20004 | Lair:3   | Reached skill level 9 in Fighting
 21318 | Lair:4   | Reached skill level 6 in Armour
 21372 | Lair:4   | Received a gift from Okawaru
 21888 | Lair:4   | Identified the +2 robe of Kleptomania {rN+}
 22099 | Lair:5   | Reached skill level 10 in Fighting
 22108 | Lair:5   | Received a gift from Okawaru
 22692 | Lair:6   | Entered Level 6 of the Lair of Beasts
 22764 | Lair:6   | Reached skill level 7 in Armour
 23119 | Lair:6   | Reached skill level 11 in Fighting
 23224 | Lair:6   | Received a gift from Okawaru
 23234 | Lair:6   | Identified the +4 rapier of Elolengerir {venom, Will+ Int+6
                  | Dex-5 SInv}
 23327 | Lair:6   | Received a gift from Okawaru
 23501 | Lair:6   | Received a gift from Okawaru
 23636 | Lair:6   | Reached XP level 15. HP: 120/120 MP: 20/20
 23781 | Lair:6   | Reached skill level 10 in Throwing
 23889 | Lair:6   | Found an ornate altar of the Wu Jian Council.
 23889 | Lair:6   | Found a hide-covered altar of Uskayaw.
 23938 | Lair:6   | Reached skill level 12 in Fighting
 23938 | Lair:6   | Reached skill level 8 in Armour
 24242 | Lair:6   | Found a staircase to the Slime Pits.
 24797 | Orc:1    | Entered Level 1 of the Orcish Mines
 24798 | Orc:1    | Found a burning altar of Makhleb.
 24902 | Orc:2    | Entered Level 2 of the Orcish Mines
 24983 | Orc:2    | Found a frozen archway.
 25195 | Orc:1    | Noticed rustyseabutter's ghost (journeyman HOFi)
 25196 | Orc:1    | Found a transporter.
 25207 | Orc:1    | You fall into a shaft and drop 1 floor!
 25230 | Orc:2    | Found Jiuro's Magic Scroll Shop.
 25377 | Orc:1    | Noticed an orc warlord
 25726 | Orc:1    | Killed an orc warlord
 25954 | Orc:1    | Found a transporter.
 26218 | Orc:2    | Found Fuvvuturph's Antique Armour Boutique.
 26218 | Orc:2    | Found Sionam's Magic Scroll Shop.
 26218 | Orc:2    | Found Efuon's General Store.
 26223 | Orc:2    | Found Iging's Book Boutique.
 27136 | Orc:2    | Found a staircase to the Elven Halls.
 27221 | Orc:2    | Bought a pair of runed boots for 240 gold pieces
 27221 | Orc:2    | Bought a runed helmet for 240 gold pieces
 27261 | Orc:2    | Bought a scroll of enchant armour for 97 gold pieces
 27298 | Orc:2    | Bought a scroll of enchant weapon for 120 gold pieces
 27298 | Orc:2    | Bought a scroll of enchant armour for 120 gold pieces
 27298 | Orc:2    | Bought a scroll of brand weapon for 320 gold pieces
 27367 | D:14     | Noticed Louise
 27373 | D:14     | Killed Louise
 27374 | D:14     | Reached skill level 19 in Polearms
 27396 | D:14     | Received a gift from Okawaru
 27433 | D:14     | You fall into a shaft and drop 1 floor!
 27433 | D:15     | Entered Level 15 of the Dungeon
 27564 | D:14     | Found a hide-covered altar of Uskayaw.
 27570 | D:14     | Found Meifiuk's General Store.
 28169 | D:15     | Reached skill level 20 in Polearms
 28268 | D:15     | Noticed Kirke
 28268 | D:15     | Noticed Jorgrun
 28299 | D:15     | Killed from afar by Jorgrun

Vanquished Creatures
  Rupert (D:12)
  Louise (D:14)
  An orc warlord (Orc:1)
  Snorg (D:11)
  A fire dragon (D:11)
  3 vault guards (D:13)
  10 hydras
  6 boulder beetles
  Erolcha (D:12)
  A centaur warrior (D:14)
  2 catoblepae
  A merfolk avatar (Lair:6)
  A two-headed ogre (D:12)
  An orc high priest (Orc:2)
  A fire crab (Lair:3)
  2 sea snakes (Lair:6)
  A harpy (Lair:6)
  A lindwurm (Lair:6)
  4 orc knights
  A necromancer (D:13)
  A wizard (D:13)
  A deep elf pyromancer (D:15)
  7 orc sorcerers
  6 ugly things
  3 cyclopes
  13 elephants
  A manticore (D:13)
  Maurice (D:13)
  A black mamba (Lair:6)
  A torpor snail (Lair:6)
  A black mamba (shapeshifter) (D:14)
  2 gargoyles
  6 cane toads
  3 rime drakes (Lair:6)
  Maggie (D:9)
  15 komodo dragons
  2 efreet
  7 trolls
  3 meliai (D:12)
  A queen bee (D:12)
  5 polar bears
  3 wind drakes (Lair:6)
  27 blink frogs
  2 hornets
  A snapping turtle (Lair:6)
  Grinder (D:5)
  8 slime creatures
  2 wraiths
  2 shadows
  A spriggan (Lair:1)
  2 wyverns
  19 humans (D:13)
  35 yaks
  7 basilisks
  7 steam dragons
  A death yak simulacrum (Orc:2)
  7 vampire mosquitoes
  A warg (Orc:2)
  3 acid dragons
  6 water moccasins
  3 ice beasts
  25 orc warriors
  2 necrophages
  2 black bears
  7 ogres
  15 centaurs
  37 wolves
  A phantom (D:5)
  A kobold brigand (D:6)
  13 bullfrogs
  A scorpion (D:5)
  2 two-headed ogre simulacra (Orc:2)
  2 water moccasin zombies
  34 killer bees
  A howler monkey (D:10)
  4 wights
  An electric eel (Lair:1)
  2 centaur zombies
  6 jellies
  2 bullfrog zombies
  A centaur skeleton (D:5)
  22 orc priests
  8 iguanas
  23 orc wizards
  Ijyb (D:5)
  A spriggan simulacrum (Orc:2)
  A troll simulacrum (Orc:2)
  3 wolf simulacra (Orc:2)
  2 howler monkey zombies
  11 gnolls
  A howler monkey skeleton (D:7)
  5 adders
  3 worms
  4 dart slugs
  64 orcs
  15 endoplasms
  2 giant cockroaches
  7 goblins
  9 hobgoblins
  6 jackals
  4 quokkas
  7 ball pythons
  8 bats
  3 frilled lizards
  6 kobolds
  6 rats
641 creatures vanquished.

Vanquished Creatures (others)
  A hog (D:15)
  56 fungi
  43 plants
  15 toadstools (D:6)
  6 withered plants (D:13)
121 creatures vanquished.

Grand Total: 762 creatures vanquished

Table legend: (Time is in decaauts)
 A = Elapsed time spent in this place.
 B = Non-inter-level travel time spent in this place.
 C = Inter-level travel time spent in this place.
 D = Time resting spent in this place.
 E = Time spent auto-exploring this place.
 F = Levels seen in this place.
 G = Mean time per level.
                   A        B        C        D        E       F      G
               +--------+--------+--------+--------+--------+-----+--------+
         Total |  27699 |  25978 |   1721 |   6889 |  14873 |  24 | 1154.1 |
       Dungeon |  18402 |  17280 |   1122 |   5247 |   9467 |  15 | 1226.8 |
        Temple |     17 |      9 |      8 |      0 |      0 |   1 |   17.0 |
          Lair |   7239 |   6771 |    468 |   1040 |   4694 |   6 | 1206.5 |
  Orcish Mines |   2039 |   1918 |    121 |    600 |    712 |   2 | 1019.5 |
               +--------+--------+--------+--------+--------+-----+--------+

Top non-repeatable levels by time:
     D:5: 2672 daAuts
    D:12: 2349 daAuts
    D:11: 1998 daAuts
  Lair:6: 1791 daAuts
     D:4: 1569 daAuts
     D:6: 1450 daAuts
  Lair:4: 1361 daAuts
   Orc:2: 1237 daAuts
  Lair:3: 1193 daAuts
     D:1: 1175 daAuts
  Lair:2: 1161 daAuts
    D:13: 1140 daAuts
  Lair:1: 981 daAuts
     D:3: 964 daAuts
     D:2: 954 daAuts

Table legend:
 A = Non-vault XP
 B = Vault XP
 C = Vault XP percentage of total XP
 D = Non-vault monster count
 E = Vault monster count
 F = Vault count percentage of total count
                 A         B        C        D         E       F
            +---------+---------+-------+---------+---------+-------
      Total |   80963 |   36163 |  30.9 |     452 |     189 |  29.5
            +---------+---------+-------+---------+---------+-------
        D:1 |      44 |       6 |  12.0 |      25 |       4 |  13.8
        D:2 |      60 |       0 |   0.0 |      21 |       0 |   0.0
        D:3 |     104 |       0 |   0.0 |      21 |       0 |   0.0
        D:4 |     464 |      41 |   8.1 |      22 |       1 |   4.3
        D:5 |    1348 |     293 |  17.9 |      20 |       2 |   9.1
        D:6 |     542 |       0 |   0.0 |      11 |       0 |   0.0
        D:7 |    1467 |       0 |   0.0 |      30 |       0 |   0.0
        D:8 |     845 |       0 |   0.0 |      12 |       0 |   0.0
        D:9 |    1175 |     463 |  28.3 |       8 |      10 |  55.6
       D:10 |    1525 |       0 |   0.0 |      11 |       0 |   0.0
       D:11 |    4910 |     945 |  16.1 |      10 |       1 |   9.1
       D:12 |    9508 |    5272 |  35.7 |      30 |      29 |  49.2
       D:13 |    2705 |    8149 |  75.1 |       8 |      26 |  76.5
       D:14 |    4070 |    1246 |  23.4 |      10 |       1 |   9.1
       D:15 |    4881 |       0 |   0.0 |       8 |       0 |   0.0
     Lair:1 |    2957 |    5061 |  63.1 |      16 |      39 |  70.9
     Lair:2 |    6519 |       0 |   0.0 |      21 |       0 |   0.0
     Lair:3 |    5400 |       0 |   0.0 |      16 |       0 |   0.0
     Lair:4 |    6062 |       0 |   0.0 |      22 |       0 |   0.0
     Lair:5 |    6667 |      88 |   1.3 |      20 |       1 |   4.8
     Lair:6 |   10245 |    9326 |  47.7 |      32 |      26 |  44.8
      Orc:1 |    4958 |       0 |   0.0 |      38 |       0 |   0.0
      Orc:2 |    4507 |    5273 |  53.9 |      40 |      49 |  55.1
            +---------+---------+-------+---------+---------+-------
